 Dungeon Crawl Stone Soup version 0.25-a0-306-g3faca94807 (webtiles) character file.

Game seed: 4486482035429597633, levelgen mode: deterministic

30 Redear the Skirmisher (level 3, -3/29 HPs)
             Began as a Mummy Monk on Dec 21, 2019.
             Slain by an adder (5 damage)
             ... on level 1 of the Dungeon.
             The game lasted 00:01:07 (1824 turns).

Redear the Skirmisher (Mummy Monk)                  Turns: 1824, Time: 00:01:08

Health: -3/29      AC:  0    Str: 14    XL:     3   Next: 3%
Magic:  3/3        EV: 13    Int:  9    God:
Gold:   71         SH:  0    Dex: 15    Spells: 2/2 levels left

rFire    x . .     SeeInvis .     - Unarmed
rCold    + . .     Gourm    .   (no shield)
rNeg     + + +     Faith    .   (no armour)
rPois    ∞         Spirit   .   (no helmet)
rElec    .         Reflect  .   (no cloak)
rCorr    .         Harm     .   (no gloves)
MR       .....                  (no boots)
Stlth    ++........             (no amulet)
HPRegen  0.09/turn              (no ring)
MPRegen  0.08/turn              (no ring)

@: no status effects
A: no food or potions, fire vulnerability, cold resistance 1, negative energy
resistance 3, torment resistance, unbreathing
a: no special abilities


You were on level 1 of the Dungeon.
You were not hungry.

You visited 1 branch of the dungeon, and saw 2 of its levels.

You collected 71 gold pieces.

Inventory:

Scrolls
 a - a scroll of fog {unknown}
 b - a scroll of teleportation {unknown}


   Skills:
 + Level 3.4 Fighting
 + Level 2.8 Dodging
 - Level 1.5 Stealth
 + Level 2.8 Unarmed Combat


You had 2 spell levels left.
You didn't know any spells.
Your spell library was empty.

Dungeon Overview and Level Annotations

Branches:
Dungeon (2/15)

Altars:


Innate Abilities, Weirdness & Mutations

You do not eat or drink.
Your flesh is vulnerable to fire.
You are immune to poison.
Your flesh is cold resistant. (rC+)
You are immune to negative energy. (rN+++)
You are immune to unholy pain and torment.
You can survive without breathing.


Message History

You are too injured to fight recklessly!
You are too injured to fight recklessly!
You are too injured to fight recklessly!
You are too injured to fight recklessly!
You are too injured to fight recklessly!
You are too injured to fight recklessly!
You are too injured to fight recklessly!
You are too injured to fight recklessly!
You are too injured to fight recklessly!
You are too injured to fight recklessly!
You are too injured to fight recklessly!
You are too injured to fight recklessly!
You are too injured to fight recklessly!
You are too injured to fight recklessly!
You barely miss the adder.
The adder is severely wounded.
The adder bites you.
* * * LOW HITPOINT WARNING * * *
The adder bites you.
You die...

....##################.##
##..#............##.....#
)#..#.##########.##.#####
##..#..........#.##.#
...###########.#.##.#
...........# #.#.##.#
##########.# #......#
##########.#####.####
...............S@#
##########.####### # #.#
# #.# # #.# # #.# # #.# #
#####.# # #.....#


You could see an adder.

Vanquished Creatures
  2 oozes (D:1)
  2 leopard geckos (D:1)
  2 giant cockroaches (D:1)
  A hobgoblin (D:1)
  A quokka (D:2)
  4 bats (D:1)
  A frilled lizard (D:1)
  A goblin (D:1)
  5 kobolds
  2 rats (D:1)
21 creatures vanquished.

Notes
Turn   | Place    | Note
-------+----------+-------------------------------------------
     0 | D:1      | Redear the Mummy Monk began the quest for the Orb.
     0 | D:1      | Reached XP level 1. HP: 18/18 MP: 1/1
   286 | D:1      | Reached XP level 2. HP: 9/24 MP: 2/2
  1741 | D:2      | Reached XP level 3. HP: 27/29 MP: 3/3
  1824 | D:1      | HP: 2/29 [adder (4)]
  1824 | D:1      | Slain by an adder

Levels and vault maps discovered:
D:1:      ncdulo_wetmaze, layout_basic, nrook_mini_vaults, item_on_display_a
D:2:      layout_basic, first_ration, chequers_serial_rivers_large_a,
          serial_park_tiny_pond, minmay_pentomino_w2, uniq_terence, uniq_sigmund

Action                   || total
-------------------------++-------
Melee: Unarmed           ||    97
       Punch             ||     2
 Stab: Sleeping          ||     1
Dodge: Dodged            ||    68

Table legend:
 A = Non-vault XP
 B = Vault XP
 C = Vault XP percentage of total XP
 D = Non-vault monster count
 E = Vault monster count
 F = Vault count percentage of total count
                 A         B        C        D         E       F
            +---------+---------+-------+---------+---------+-------
      Total |      41 |       2 |   4.7 |      20 |       1 |   4.8
            +---------+---------+-------+---------+---------+-------
        D:1 |      39 |       0 |   0.0 |      19 |       0 |   0.0
        D:2 |       2 |       2 |  50.0 |       1 |       1 |  50.0
            +---------+---------+-------+---------+---------+-------
